 Dungeon Crawl Stone Soup version 0.27.0-66-gdc8fb28755 (webtiles) character file.

Game seed: 13663788512226662629

13791 shadowrider38 the Cleaver (level 11, -44/89 HPs)
             Began as a Demonspawn Berserker on Aug 20, 2021.
             Was a High Priest of Trog.
             Killed from afar by a bog body (46 damage)
             ... with a bolt of cold
             ... on level 2 of the Lair of Beasts.
             The game lasted 00:41:18 (18190 turns).

shadowrider38 the Cleaver (Demonspawn Berserker)   Turns: 18190, Time: 00:41:20

Health: -44/89     AC: 19    Str: 33    XL:     11   Next: 80%
Magic:  11/11      EV:  7    Int:  9    God:    Trog [*****.]
Gold:   772        SH: 12    Dex: 12    Spells: 10/10 levels left

rFire    . . .     SeeInvis .   a - +3 war axe (vorpal)
rCold    . . .     Faith    .   K - +0 kite shield
rNeg     . . .     Spirit   .   G - +0 plate armour
rPois    .         Reflect  .   H - +2 helmet
rElec    .         Harm     .   (no cloak)
rCorr    .         Rampage  .   s - +1 pair of gloves
Will     .....                  (no boots)
Stlth    ..........             (no amulet)
HPRegen  0.24/turn              F - +6 ring of strength
MPRegen  0.12/turn              o - +6 ring of strength

@: slowed, very slow
A: talons 2, foul stench 2, powered by pain 1
a: Renounce Religion, Berserk, Trog's Hand, Brothers in Arms


You were on level 2 of the Lair of Beasts.
You worshipped Trog.
Trog was extremely pleased with you.
You visited 3 branches of the dungeon, and saw 12 of its levels.

You collected 772 gold pieces.

Inventory:

Hand Weapons
 a - a +3 vorpal war axe (weapon)
 h - a +4 mace of freezing
Missiles
 j - 224 stones
 p - 40 poisoned darts (quivered)
 C - 4 boomerangs
 L - 6 javelins
Armour
 r - the +4 robe of Augmentation {Str+4 Int+4 Dex+4}
   (You found it on level 1 of the Lair of Beasts)

   Str:       It affects your strength (+4).
   Int:       It affects your intelligence (+4).
   Dex:       It affects your dexterity (+4).
 s - a +1 pair of gloves (worn)
 y - a +1 ring mail of poison resistance
 B - +0 acid dragon scales
 D - the +1 robe "Harra" {rN+ Regen+ Str-3}
   (You found it on level 6 of the Dungeon)

   Str:       It affects your strength (-3).
   rN:        It protects you from negative energy.
   Regen:     It increases your rate of health regeneration.
 G - a +0 plate armour (worn)
 H - a +2 helmet (worn)
 K - a +0 kite shield (worn)
Jewellery
 i - a +6 ring of intelligence
 o - a +6 ring of strength (right hand)
 w - a ring of fire
 F - a +6 ring of strength (left hand)
Wands
 t - a wand of flame (63)
 A - a wand of paralysis (9)
 E - a wand of iceblast (11)
 I - a wand of acid (7)
Scrolls
 b - a scroll of immolation
 c - 2 scrolls of noise
 d - a scroll of torment
 e - 2 scrolls of brand weapon
 f - a scroll of magic mapping
 g - 5 scrolls of teleportation
 m - 2 scrolls of enchant weapon
 q - 2 scrolls of fog
 u - 2 scrolls of vulnerability
 v - a scroll of summoning
Potions
 k - 2 potions of lignification
 l - 4 potions of brilliance
 n - a potion of cancellation
 x - 3 potions of curing
 J - a potion of ambrosia {unknown}


   Skills:
 + Level 9.5 Fighting
 * Level 11.6 Axes
 - Level 7.6 Armour
 - Level 1.7 Dodging
 - Level 7.6 Shields


You had 10 spell levels left.
You didn't know any spells.
Your spell library was empty.

Dungeon Overview and Level Annotations

Branches:
Dungeon (9/15)             Temple (1/1) D:4            Lair (2/6) D:9
  Swamp: Lair:2-4    Shoals: Lair:2-4     Snake: Lair:2-4    Spider: Lair:2-4
    Orc: D:9-12

Altars:
Ashenzari
Cheibriados
Dithmenos
Elyvilon
Fedhas
Gozag
Hepliaklqana
Kikubaaqudgha
Makhleb
Nemelex Xobeh
Okawaru
Qazlal
Ru
Sif Muna
Trog
Uskayaw
Vehumet
Wu Jian
Xom
Yredelemnul
Zin
The Shining One


Innate Abilities, Weirdness & Mutations

You have razor-sharp toenails.
You sometimes emit foul miasma when damaged in melee.
You sometimes gain a little power by taking damage.


Message History

The swamp worm barely misses you. You block the swamp worm's attack.
You barely miss the swamp worm. Your kick misses the swamp worm.
You block the swamp worm's attack.
You slice the swamp worm!! You claw the swamp worm.
The swamp worm is severely wounded.
The swamp worm bites you.
You slash the swamp worm!
You kill the swamp worm!
Trog accepts your kill. The bog body casts a spell at you.
You resist with significant effort.
An electric eel comes into view.
The bog body touches you! The bog body freezes you!
You closely miss the bog body. You hit the bog body.
You block the bog body's attack.
You slash the bog body! You claw the bog body.
The bog body is heavily damaged.
You hit the bog body. You block the bog body's attack.
The electric eel shoots out a bolt of lightning at you!
The bolt of electricity hits you! You block the bog body's attack.
The bog body closely misses you.
You slash the bog body! Your kick misses the bog body.
The bog body is severely damaged.
You hit the bog body.
The bog body gestures at you while chanting.
You feel yourself slow down.
The bog body points at you and mumbles some strange words.
The bolt of cold hits you!!!
* * * LOW HITPOINT WARNING * * *
The electric eel shoots out a bolt of lightning at you!
The bolt of electricity misses you.
Okay, then.
Okay, then.
As you read the scroll of fear, it crumbles to dust.
You assume a fearsome visage.
The bog body is unaffected.
The electric eel looks frightened!
The bog body is unaffected.
The bog body casts a spell at you. The bolt of cold hits you!!!
Ouch! That really hurt!
You die...

#.........##....##...........
##.....(...#....P##..........
#..............##...........
##........##....#.#..........
#....................#.#P##..
##.......♣♣♣♣♣♣♣♣......####P#
#....♣♣♣♣♣♣♣♣♣♣♣♣♣♣♣♣♣...####
##..♣♣§§§≈≈n≈≈≈≈≈≈≈≈≈♣♣♣..#P#
#..♣ ♣n@.....♣.♣†..⌠...#
#..♣♣§§§.....♣......†..⌠....
#..♣♣§§§≈;≈≈≈°≈≈≈≈≈≈♣♣♣.....
#...♣♣♣♣♣♣♣♣♣♣♣♣♣♣♣♣♣.......
##.......♣♣ ♣........P###
#.........## ##P########
##.........# #.........#
#........##


You could see 2 bog bodies and an electric eel (fleeing).

Vanquished Creatures
  2 hydras (Lair:1)
  Erica (D:8)
  A two-headed ogre (D:9)
  Urug (Lair:2)
  2 cane toads (Lair:1)
  3 komodo dragons (Lair:1)
  3 meliai (D:9)
  A polar bear (Lair:2)
  3 blink frogs (Lair:1)
  5 yaks
  2 wyverns
  4 basilisks
  A steam dragon (D:6)
  Menkaure (D:7)
  3 swamp worms (Lair:2)
  5 water moccasins
  An acid dragon (D:6)
  Duvessa (D:6)
  6 orc warriors
  A sky beast (D:6)
  7 black bears
  7 wolves
  3 centaurs
  3 ogres
  A phantom (D:7)
  A wyvern zombie (D:6)
  A gnoll sergeant (D:5)
  2 bullfrogs
  3 scorpions (D:5)
  Dowan (D:6)
  A water moccasin skeleton (D:5)
  3 killer bees (D:9)
  8 wights
  A centaur zombie (D:7)
  4 electric eels
  3 howler monkeys
  3 jellies
  A bullfrog zombie (D:6)
  6 orc priests
  4 hounds
  2 centaur skeletons
  2 gnoll shamans
  3 iguanas
  Ijyb (D:4)
  Natasha (thrice) (D:3)
  7 orc wizards
  A hound zombie (D:5)
  A hound skeleton (D:3)
  14 gnolls
  A howler monkey skeleton (D:7)
  4 adders
  A shadow imp (D:7)
  2 ufetubi
  2 worms (D:4)
  A dart slug (D:2)
  43 orcs
  2 bats
  9 endoplasms
  4 giant cockroaches
  5 goblins
  5 hobgoblins
  9 jackals
  A quokka (D:1)
  8 ball pythons
  2 frilled lizards (D:3)
  2 kobolds
  3 rats
248 creatures vanquished.

Vanquished Creatures (others)
  3 fungi
  24 plants
27 creatures vanquished.

Grand Total: 275 creatures vanquished

Notes
Turn   | Place    | Note
-------+----------+-------------------------------------------
     0 | D:1      | shadowrider38 the Demonspawn Berserker began the quest for
                  | the Orb.
     0 | D:1      | Reached XP level 1. HP: 18/18 MP: 1/1
    77 | D:1      | Reached skill level 3 in Axes
   270 | D:1      | Gained mutation: You have sharp toenails. [demonic
                  | ancestry]
   270 | D:1      | Reached XP level 2. HP: 24/24 MP: 2/2
   851 | D:2      | Reached skill level 4 in Axes
   851 | D:2      | Reached XP level 3. HP: 29/29 MP: 3/3
  1016 | D:2      | Reached ** piety under Trog
  1158 | D:2      | Gained mutation: You have razor-sharp toenails. [demonic
                  | ancestry]
  1158 | D:2      | Reached XP level 4. HP: 35/35 MP: 4/4
  1991 | D:3      | Noticed Natasha
  1996 | D:3      | Killed Natasha
  1997 | D:3      | Reached skill level 5 in Axes
  2317 | D:3      | Noticed Natasha
  2465 | D:3      | Killed Natasha
  2466 | D:3      | Gained mutation: You sometimes gain a little power by
                  | taking damage. [demonic ancestry]
  2466 | D:3      | Reached XP level 5. HP: 41/41 MP: 5/5
  2831 | D:3      | Found a faded altar of an unknown god.
  2838 | D:3      | Found an iron altar of Okawaru.
  2926 | D:3      | Noticed Natasha
  2943 | D:3      | Killed Natasha
  2944 | D:3      | Reached skill level 6 in Axes
  3115 | D:3      | Reached XP level 6. HP: 47/47 MP: 6/6
  3428 | D:4      | Noticed Ijyb
  3610 | D:3      | Found an ancient bone altar of Kikubaaqudgha.
  3636 | D:4      | Reached *** piety under Trog
  3986 | D:4      | Found a staircase to the Ecumenical Temple.
  3997 | Temple   | Entered the Ecumenical Temple
  4363 | D:5      | Entered Level 5 of the Dungeon
  4675 | D:4      | Killed Ijyb
  4676 | D:4      | Reached skill level 5 in Fighting
  5082 | D:4      | Reached XP level 7. HP: 56/56 MP: 7/7
  5251 | D:5      | Found a burning altar of Makhleb.
  6960 | D:6      | Noticed a steam dragon
  6967 | D:6      | Gained mutation: You may rarely emit foul miasma when
                  | damaged in melee. [demonic ancestry]
  6967 | D:6      | Reached XP level 8. HP: 68/68 MP: 8/8
  7926 | D:6      | Identified the +1 robe "Harra" {rN+ Regen+ Str-3}
  7980 | D:6      | Reached skill level 7 in Axes
  8151 | D:7      | Noticed Menkaure
  8535 | D:6      | Found a shimmering blue altar of Sif Muna.
  8535 | D:6      | Found a broken altar of Ashenzari.
  8542 | D:6      | Found a shadowy altar of Dithmenos.
  8544 | D:6      | Found a hazy altar of Hepliaklqana.
  8546 | D:6      | Found a basalt altar of Yredelemnul.
  9318 | D:7      | Reached XP level 9. HP: 69/76 MP: 9/9
  9348 | D:7      | Noticed Duvessa
  9348 | D:7      | Noticed Dowan
  9363 | D:6      | Killed Duvessa
  9364 | D:6      | Reached skill level 8 in Axes
  9365 | D:6      | Killed Dowan
  9780 | D:7      | Killed Menkaure
 10104 | D:7      | Reached skill level 9 in Axes
 10418 | D:7      | Reached **** piety under Trog
 10523 | D:7      | Found an ornate altar of the Wu Jian Council.
 10987 | D:8      | Reached skill level 10 in Axes
 11500 | D:8      | Found a bloodstained altar of Trog.
 11503 | D:8      | Found a sacrificial altar of Ru.
 11527 | D:8      | Noticed Erica
 11538 | D:8      | Killed Erica
 11539 | D:8      | Reached XP level 10. HP: 83/83 MP: 10/10
 12396 | D:9      | Found an opulent altar of Gozag.
 12508 | D:9      | Noticed a two-headed ogre
 12539 | D:9      | Killed a two-headed ogre
 12540 | D:9      | Reached skill level 5 in Armour
 14068 | D:9      | Found a staircase to the Lair.
 14100 | D:9      | Reached skill level 11 in Axes
 14260 | D:9      | Reached ***** piety under Trog
 14494 | D:9      | Reached skill level 1 in Shields
 14743 | Lair:1   | Entered Level 1 of the Lair of Beasts
 14978 | Lair:1   | Noticed a cane toad
 14986 | Lair:1   | Killed a cane toad
 14987 | Lair:1   | Gained mutation: You sometimes emit foul miasma when
                  | damaged in melee. [demonic ancestry]
 14987 | Lair:1   | Reached XP level 11. HP: 87/89 MP: 11/11
 15661 | Lair:1   | Noticed a four-headed hydra
 15667 | Lair:1   | Killed a four-headed hydra
 15668 | Lair:1   | Reached skill level 5 in Shields
 16169 | Lair:1   | Found the +4 robe of Augmentation {Str+4 Int+4 Dex+4}
 16396 | Lair:1   | Noticed a four-headed hydra
 16402 | Lair:1   | Killed a four-headed hydra
 17379 | Lair:2   | Noticed Urug
 17399 | Lair:2   | Killed Urug
 18181 | Lair:2   | Noticed a bog body
 18181 | Lair:2   | Noticed a bog body
 18189 | Lair:2   | HP: 2/89 [bog body/bolt of cold (36)]
 18190 | Lair:2   | Killed from afar by a bog body

Illustrated notes

Levels and vault maps discovered:
D:1:      wander_arrival_chamber, layout_rooms, minivault_4
D:2:      layout_loops_cross
D:3:      layout_basic, nicolae_overflow_hidden_temple, okawaru_trees_1,
          basic_ecumenical_altar, uniq_natasha
D:4:      layout_rooms, temple_statues, uniq_ijyb
D:5:      layout_layer_cave, lemuel_crystal_altar, amethyst_killhole
D:6:      layout_cave_pools, mainiacjoe_overflow_surrounded_room,
          chequers_temple_overflow_minitemple, minivault_4, nrook_pool_corridor
D:7:      layout_rooms, mainiacjoe_overflow_cross_hatched, uniq_menkaure,
          uniq_duvessa
D:8:      black_bear_nest_1, layout_loops_ring, grunt_temple_overflow_open,
          kennysheep_small_spiral, kennysheep_donut,
          chequers_serial_rivers_large_b, uniq_erica
D:9:      layout_grid_maze, kennysheep_mini, minmay_lair_entry_grove
Temple:   compressed_dpeg_triangle_lava_temple
Lair:1:   layout_cave_shapes, serial_bayou_pond_c
Lair:2:   layout_gridlike, nicolae_swamp_entry_splash_gauntlet,
          chequers_serial_rivers_micro_b, uniq_urug

Skill      XL: |  1  2  3  4  5  6  7  8  9 10 11 |
---------------+----------------------------------+-----
Axes           | 3 4 5 6 7 10 11 | 11.6
Fighting       | 5 7 9 |  9.5
Armour         | 7 |  7.6
Shields        | 2 7 |  7.6
Dodging        | |  1.7

Action                   |  1- 3 |  4- 6 |  7- 9 | 10-12 || total
-------------------------+-------+-------+-------+-------++-------
Melee: Hand axe          |    62 |       |       |       ||    62
       Kick              |    14 |    36 |    65 |    89 ||   204
       War axe           |    15 |   111 |   182 |   256 ||   564
       Mace              |       |       |       |     5 ||     5
Throw: Stone             |       |     1 |       |       ||     1
       Javelin           |       |       |     6 |       ||     6
       Dart              |       |       |     1 |       ||     1
Invok: Berserk           |     1 |     8 |    18 |     7 ||    34
  Use: Scroll            |       |     1 |       |    15 ||    16
 Stab: Sleeping          |     1 |       |       |       ||     1
Armor: Animal skin       |     9 |       |       |       ||     9
       Robe              |     1 |     3 |       |       ||     4
       Scale mail        |       |    22 |       |       ||    22
       Chain mail        |       |       |    94 |       ||    94
       Plate armour      |       |       |    19 |   175 ||   194
Dodge: Dodged            |    54 |    49 |   100 |    92 ||   295
Block: Buckler           |       |       |       |     6 ||     6
       Kite shield       |       |       |       |    58 ||    58
